Map: Catalyst LE

Players

Cuddlebear

  • Race: Terran Terran
  • Spawn Location: 5:00

Nerchio - Winner!

  • Race: Zerg Zerg
  • Spawn Location: 11:00

Event: WCS Austin 2018

VOD

Have the link to the VOD?

Description

Time

  • Played on: June 1, 2018, 2:16 p.m.
  • Length: 2:27

All games in this series

Show
View Real Time Build Order
Export as new Build Order

Cuddlebear Terran 

Build Orders:  

Get SALT Encoding   

  12  0:00  SCV  
  13  0:13  SCV  
  14  0:22  Supply Depot  
  14  0:25  SCV  
  15  0:44  Barracks, SCV  
  16  0:57  Barracks  
  16  0:59  SCV  
  17  1:15  SCV  
  17  1:16  Barracks  
  18  1:31  Marine  
  20  1:33  Orbital Command  
  19  1:43  Marine, Supply Depot  
  20  1:49  Marine  
  21  2:01  Marine  
  21  2:05  Marine  
  21  2:07  Marine  
Show
View Real Time Build Order
Export as new Build Order

Nerchio Zerg - Winner!

Build Orders: Pool First 

Get SALT Encoding   

  12  0:00  Drone  
  13  0:12  Overlord  
  13  0:17  Drone  
  14  0:31  Drone x2  
  14  0:34  Drone  
  17  0:45  Spawning Pool  
  17  0:48  Drone  
  17  1:10  Hatchery  
  16  1:32  Zergling x6  
  19  1:33  Spine Crawler  
  19  1:36  Queen  
  20  1:43  Zergling x2  
  21  1:54  Overlord  
  21  1:56  Extractor  
  20  2:04  Drone  
Tags
 
Add a new tag
Caveats
  • Supply blocks, unpowered buildings, or Contaminate may cause inaccurate times.
  • Supply counts are checked every 10 seconds.